 Dungeon Crawl Stone Soup version 0.24-a0-235-g3f03afcf10 (webtiles) character file.

Game seed: 9405505375074916257

109 Redear the Ducker (level 4, -2/21 HPs)
             Began as a Felid Skald on Apr 8, 2019.
             Slain by a water moccasin skeleton (6 damage)
             ... on level 4 of the Dungeon.
             The game lasted 00:12:07 (3030 turns).

Redear the Ducker (Felid Skald)                     Turns: 3030, Time: 00:12:08

Health: -2/21      AC:  1    Str:  8    XL:     4   Next: 60%
Magic:  7/8        EV: 20    Int: 15    God:
Gold:   155        SH:  0    Dex: 15    Spells: 0/7 levels left
                                        Lives:  0   Deaths: 1

rFire    . . .     SeeInvis +     - Unarmed
rCold    . . .     Gourm    .   (shield unavailable)
rNeg     . . .     Faith    .   (armour unavailable)
rPois    .         Spirit   .   (helmet unavailable)
rElec    .         Reflect  .   (cloak unavailable)
rCorr    .         Harm     .   (gloves unavailable)
MR       .....                  (boots unavailable)
Stlth    +++.......             (no amulet)
HPRegen  0.07/turn              (no ring)
MPRegen  0.11/turn              (no ring)

@: appendage (expiring), very slightly contaminated, quick
A: very small, no armour, no weapons or thrown items, stealth, claws 1, fangs 3,
horns 2, see invisible, carnivore, speed 1, shaggy fur 1, slow metabolism 1,
sharp paws
a: End Transformation


You were on level 4 of the Dungeon.
You were not hungry.
You had grown temporary horns.
You visited 1 branch of the dungeon, and saw 4 of its levels.

You collected 155 gold pieces.

Inventory:

Jewellery
 l - a cursed ring of teleportation {unknown}
 m - an uncursed ring of protection from magic {unknown}
Scrolls
 c - a scroll of magic mapping {unknown}
 f - 2 scrolls of teleportation {unknown}
 g - 4 scrolls of identify {unknown}
 h - 4 scrolls of remove curse {unknown}
 i - 3 scrolls of enchant weapon {unknown}
 k - 2 scrolls of immolation {unknown}
Potions
 a - a potion of heal wounds {unknown}
 b - a potion of berserk rage {unknown}
 d - 2 potions of ambrosia {unknown}
 e - a potion of curing {unknown}
 j - a potion of lignification {unknown}
Comestibles
 z - 6 rations


   Skills:
 + Level 3.2 Fighting
 + Level 4.7 Dodging
 + Level 3.6 Stealth
 + Level 3.2 Unarmed Combat
 - Level 2.0 Spellcasting
 - Level 3.6 Charms


You couldn't memorise any spells.
You knew the following spells:

 Your Spells              Type           Power        Failure   Level  Hunger
d - Regeneration          Chrm/Necr      #.........   32%         3    ###....
h - Shroud of Golubria    Chrm/Tloc      #.........   16%         2    ###....
q - Beastly Appendage     Tmut           #.....       22%         1    #......
z - Infusion              Chrm           ##..         4%          1    #......

Your spell library contained the following spells:

 Spells                   Type           Power        Failure   Level  Hunger
 Song of Slaying          Chrm           ##......     8%          2    ###....
 Sticks to Snakes         Tmut           #.......     32%         2    ###....
 Spider Form              Tmut/Pois      #.........   54%         3    ###....
 Ice Form                 Ice/Tmut       #.......     91%         4    #####..
 Blade Hands              Tmut           #.........   99%         5    ######.
 Spectral Weapon          Hex/Chrm       Unusable     N/A         3    N/A

Dungeon Overview and Level Annotations

Branches:
Dungeon (4/15)
 Temple: D:4-7

Altars:
Ru


Innate Abilities, Weirdness & Mutations

You cannot wear armour.
You are incapable of wielding weapons or throwing items.
Your paws allow you to move quietly. (Stealth)
You have sharp claws.
You have razor-sharp teeth.
You have supernaturally acute eyesight. (SInv)
You are carnivorous and can eat meat at any time.
You cover ground quickly.
You are covered in fur. (AC +1)
You have a slow metabolism.
Your sharp claws are effective at attacking unaware monsters.
You have a pair of horns on your head.


Message History

The water moccasin skeleton barely misses you.
Unknown command.
You barely miss the water moccasin skeleton.
Your bite misses the water moccasin skeleton.
The water moccasin skeleton is almost destroyed.
The water moccasin skeleton bites you.
* * * LOW HITPOINT WARNING * * *
You take 4 damage, and have 4/21 hp.
Unknown command.
Unknown command.
Unknown command.
Unknown command.
Unknown command.
Unknown command.
Unknown command.
You scratch the water moccasin skeleton but do no damage.
You headbutt the water moccasin skeleton.
The water moccasin skeleton is almost destroyed.
The water moccasin skeleton bites you.
You die...

#########...#
........[...#
######.....#
####.#...#
#....#####
##....#
#.....##
#...#....#
#.....##@# #
#.######Z##.#
... #...h#
....
#.........#
..#.
#...###....##
..........
.##..# .....
## .# .....
.. .... .


You could see a water moccasin skeleton.

Vanquished Creatures
  An orc wizard (D:3)
  An orc priest (D:3)
  3 adders
  2 worms (D:2)
  3 dart slugs
  3 leopard geckos
  8 orcs (D:3)
  4 giant cockroaches
  6 goblins
  7 hobgoblins
  8 jackals
  3 kobolds
  2 quokkas
  A ball python (D:3)
  9 bats
  4 frilled lizards
  11 rats
76 creatures vanquished.

Notes
Turn   | Place    | Note
-------+----------+-------------------------------------------
     0 | D:1      | Redear the Felid Skald began the quest for the Orb.
     0 | D:1      | Reached XP level 1. HP: 9/9 MP: 4/4
    28 | D:1      | Reached skill level 1 in Stealth
    83 | D:1      | You fall through a shaft!
   144 | D:2      | Reached XP level 2. HP: 13/13 MP: 6/6
   292 | D:2      | Reached XP level 3. HP: 8/16 MP: 0/7
   482 | D:2      | Reached skill level 2 in Stealth
   748 | D:3      | Learned a level 2 spell: Shroud of Golubria
   752 | D:3      | Learned a level 3 spell: Regeneration
   814 | D:3      | Found a sacrificial altar of Ru.
   833 | D:3      | Reached skill level 4 in Dodging
   833 | D:3      | Reached XP level 4. HP: 8/20 MP: 4/8
  1844 | D:3      | Reached skill level 3 in Stealth
  1847 | D:3      | HP: 2/20 [ball python (1)]
  1993 | D:3      | Reached skill level 3 in Unarmed Combat
  2007 | D:3      | Learned a level 1 spell: Beastly Appendage
  2043 | D:3      | Reached skill level 3 in Fighting
  2047 | D:3      | Reached XP level 5. HP: 10/24 MP: 9/9
  2049 | D:3      | Slain by an orc
  2050 | D:3      | Reached XP level 4. HP: 0/21 MP: 8/8
  3030 | D:4      | Slain by a water moccasin skeleton

Levels and vault maps discovered:
D:1:      grunt_arrival_crossed_arrows, layout_loops_ring
D:2:      layout_loops_ring
D:3:      cheibrodos_helix_gallery, layout_basic,
          nicolae_ru_great_annihilating_truth, first_ration
D:4:      layout_rooms, minmay_splitting_lines, kennysheep_generic_room_14

Skill      XL: |  1  2  3  4 |
---------------+-------------+-----
Stealth        | 1 2 3 |  3.6
Dodging        | 4 |  4.7
Unarmed Combat | 3 |  3.2
Fighting       | 3 |  3.2
Spellcasting   | |  2.0
Charms         | |  3.6

Action                   |  1- 3 |  4- 6 || total
-------------------------+-------+-------++-------
Melee: Unarmed           |    82 |   171 ||   253
       Bite              |     7 |    14 ||    21
       Headbutt          |       |     8 ||     8
       Punch             |       |     2 ||     2
 Cast: Infusion          |     5 |     5 ||    10
       Beastly Appendage |       |     5 ||     5
       Regeneration      |       |     1 ||     1
 Stab: Sleeping          |     4 |     4 ||     8
       Paralysed         |       |     1 ||     1
  Eat: Chunk             |     4 |     1 ||     5
Armor: Skin              |     6 |    10 ||    16
Dodge: Dodged            |    74 |   143 ||   217

Table legend:
 A = Non-vault XP
 B = Vault XP
 C = Vault XP percentage of total XP
 D = Non-vault monster count
 E = Vault monster count
 F = Vault count percentage of total count
                 A         B        C        D         E       F
            +---------+---------+-------+---------+---------+-------
      Total |     212 |      51 |  19.4 |      70 |       6 |   7.9
            +---------+---------+-------+---------+---------+-------
        D:1 |      48 |       0 |   0.0 |      25 |       0 |   0.0
        D:2 |      47 |       0 |   0.0 |      18 |       0 |   0.0
        D:3 |     111 |      51 |  31.5 |      24 |       6 |  20.0
        D:4 |       6 |       0 |   0.0 |       3 |       0 |   0.0
            +---------+---------+-------+---------+---------+-------
